AoeStats
← Tomate

Arena

504364339Analyzed
2v2 RM · 29d ago on Sep 5, 2026· 54m 50s· 4 players
Game mode
Random Map
Map size
Medium (4 player)
Population
200
Speed
Normal
Resources
Standard
Victory
Conquest
Starting age
Dark Age
Ending age
Imperial Age
RankedLock teamsTeams togetherTeam positionsShared explorationLock speedFull tech treeHidden civsTurbo modeCheats
Victory
Defeat
🇨🇳 Celts · China
1024
+12
🇲🇽 Goths · Mexico
1008
+14
🇨🇱 Chinese · Chile
942
-13
🇨🇱 Spanish · Chile
942
-13
david.icoma
0:37 Loom
10:40 Feudal Age
14:50 Castle Age
13:29 Double-Bit Axe
14:08 Stone Mining
16:22 Wheelbarrow
25:32 Pikeman
32:55 Gold Mining
32:47 Horse Collar
41:10 Imperial Age
40:19 Anarchy
41:13 Forging
41:04 Scale Mail Armor
42:08 Perfusion
43:16 Iron Casting
42:57 Chain Mail Armor
43:12 Elite Huskarl
48:26 Capped Ram
54:16 Caravan
56:11 Chemistry
怪我喽
0:26 Loom
11:18 Feudal Age
12:35 Wheelbarrow
11:46 Double-Bit Axe
13:53 Horse Collar
20:50 Castle Age
21:46 Hand Cart
22:00 Bow Saw
21:51 Heavy Plow
22:26 Stone Mining
25:44 Stone Shaft Mining
25:06 Gold Mining
31:03 Gold Shaft Mining
31:20 Caravan
34:12 Forging
34:02 Scale Mail Armor
34:08 Scale Barding Armor
37:36 Imperial Age
35:11 Town Watch
38:01 Elite Woad Raider
39:02 Conscription
39:10 Furor Celtica
39:25 Stronghold
39:02 Capped Ram
39:03 Heavy Scorpion
40:05 Town Patrol
40:56 Iron Casting
40:36 Chain Mail Armor
40:54 Ballistics
41:35 Chemistry
40:40 Siege Engineers
41:41 Chemistry
40:55 Siege Ram
44:56 Blast Furnace
44:26 Plate Mail Armor
43:57 Padded Archer Armor
43:47 Fletching
44:33 Plate Mail Armor
43:56 Fletching
44:06 Padded Archer Armor
50:52 Bodkin Arrow
50:57 Padded Archer Armor
51:03 Scale Barding Armor
51:53 Gambesons
51:54 Arson
Tomate
10:28 Feudal Age
9:09 Loom
14:36 Castle Age
13:07 Double-Bit Axe
13:14 Horse Collar
16:25 Bow Saw
17:22 Wheelbarrow
16:51 Heavy Plow
19:11 Fervor
22:01 Bloodlines
22:42 Husbandry
25:33 Stone Mining
25:54 Gold Mining
26:15 Fletching
27:03 Forging
27:18 Ballistics
28:12 Squires
29:27 Wheelbarrow
30:14 Iron Casting
29:45 Scale Barding Armor
29:26 Pikeman
34:40 Imperial Age
32:26 Hand Cart
32:24 Bodkin Arrow
32:43 Herbal Medicine
33:40 Inquisition
34:17 Town Watch
35:10 Stone Shaft Mining
34:48 Caravan
35:49 Supremacy
35:51 Conscription
36:10 Hoardings
36:55 Two-Man Saw
37:29 Block Printing
37:55 Theocracy
38:00 Illumination
37:23 Cavalier
38:52 Chain Barding Armor
39:42 Chemistry
39:49 Illumination
39:48 Sanctity
40:34 Paladin
41:42 Scale Mail Armor
42:36 Halberdier
42:58 Sappers
43:58 Redemption
44:13 Man-at-Arms
47:28 Plate Barding Armor
47:54 Blast Furnace
46:55 Bracer
49:03 Light Cavalry
49:18 Long Swordsman
50:56 Chain Mail Armor
50:41 Padded Archer Armor
50:22 Hussar
50:50 Gambesons
50:26 Two-Handed Swordsman
nnickk0
10:06 Feudal Age
12:29 Loom
15:26 Castle Age
13:47 Double-Bit Axe
13:45 Horse Collar
16:29 Bow Saw
17:34 Wheelbarrow
17:51 Heavy Plow
18:11 Stone Mining
21:42 Arson
27:31 Thumb Ring
28:13 Gold Mining
29:52 Hand Cart
30:24 Fletching
30:34 Padded Archer Armor
35:53 Imperial Age
36:05 Stone Shaft Mining
36:32 Gold Shaft Mining
36:19 Leather Archer Armor
35:59 Bodkin Arrow
37:57 Two-Man Saw
37:29 Ballistics
38:04 Man-at-Arms
38:45 Squires
40:13 Ring Archer Armor
39:43 Bracer
42:34 Elite Chu Ko Nu
46:02 Conscription
46:34 Rocketry
Connection lost

Rejoining the realm…

Still unreachable

The connection could not be restored.

Session expired

The server has moved on; the page needs a fresh start.